Map: Dusk Towers

Players

Kurama - Winner!

  • Race: Zerg Zerg
  • League: Diamond

LilDicky

  • Race: Terran Terran
  • League: Diamond

VOD

http://www.twitch.tv/tumescentpie

Description

Time

  • Played on: Dec. 7, 2015, 1:05 p.m.
  • Length: 18:02
Show
View Real Time Build Order
Export as new Build Order

Kurama Zerg - Winner!

Build Orders: Hatch First 

Get SALT Encoding   

  12  0:01  Drone  
  13  0:09  Drone  
  14  0:18  Overlord  
  14  0:31  Extractor x2  
  14  0:33  Drone x2  
  16  0:38  Drone  
  17  0:55  Hatchery  
  16  0:59  Drone  
  16  1:02  Drone  
  18  1:08  Drone  
  18  1:09  Extractor  
  18  1:17  Drone  
  19  1:23  Spawning Pool  
  18  1:32  Drone  
  19  1:39  Overlord  
  19  1:52  Drone  
  20  2:02  Drone  
  21  2:10  Queen x2  
  21  2:11  Metabolic Boost  
  21  2:13  Zergling x2  
  26  2:20  Drone  
  26  2:21  Drone  
  26  2:22  Drone  
  29  2:29  Overlord  
  29  2:36  Drone  
  30  2:41  Drone  
  31  2:46  Queen x2  
  35  2:54  Overlord  
  35  2:55  Drone x2  
  37  3:01  Overlord  
  37  3:13  Hatchery  
  37  3:15  Drone  
  37  3:21  Zergling x2  
  37  3:22  Zergling x2  
  40  3:27  Drone x3  
  40  3:29  Zergling x2  
  40  3:30  Drone x2  
  45  3:35  Extractor  
  44  3:43  Drone x3  
  44  3:48  Extractor  
  46  4:01  Drone x6  
  46  4:02  Drone x2  
  54  4:13  Drone x3  
  54  4:14  Extractor  
  56  4:22  Lair  
  56  4:26  Queen  
  56  4:27  Drone x4  
  56  4:28  Overlord x2, Zergling x2  
  63  4:35  Baneling Nest  
  59  4:50  Roach Warren  
  59  4:51  Zergling x6  
  60  5:01  Zergling x2  
  60  5:02  Zergling x4  
  61  5:09  Queen  
  61  5:11  Overlord  
  59  5:28  Extractor  
  57  5:29  Zergling x14, Extractor  
  61  5:44  Roach x2  
  61  5:45  Roach  
  60  6:09  Hatchery  
  53  6:23  Drone  
  53  6:24  Drone x4  
  58  6:28  Roach  
  60  6:38  Drone x2  
  62  6:53  Glial Reconstitution  
  62  7:14  Roach x4  
  70  7:17  Spawning Pool  
  70  7:18  Roach x3  
  70  7:19  Overlord  
  70  7:20  Overlord x2  
  75  7:35  Evolution Chamber  
  75  7:36  Evolution Chamber  
  73  7:41  Roach x11  
  93  7:56  Roach  
  93  7:57  Roach x6  
  105  7:59  Ravager  
  105  8:00  Overlord  
  98  8:13  Spire  
  96  8:26  Spore Crawler  
  95  8:31  Lair  
  95  8:35  Roach x3  
  95  8:36  Roach  
  101  9:15  Roach Warren  
  90  9:33  Corruptor  
  90  9:36  Hatchery  
  90  9:37  Hatchery  
  75  10:21  Spawning Pool  
  70  10:22  Roach  
  70  10:23  Corruptor, Roach x3  
  70  10:25  Corruptor  
  82  10:42  Ravager x5  
  87  10:43  Ravager  
  84  11:13  Extractor  
  84  11:14  Extractor, Queen  
  84  11:15  Queen  
  84  11:42  Spine Crawler  
  84  11:45  Extractor x2  
  84  11:46  Zergling x10  
  84  11:47  Zergling x2  
  87  11:49  Drone x5  
  92  11:54  Overseer  
  92  11:56  Overseer  
  92  12:00  Corruptor  
  90  12:18  Roach, Zergling x4  
  90  12:19  Roach x2, Zergling x4  
  83  12:51  Mutalisk x2, Spine Crawler  
  83  12:52  Mutalisk  
  88  13:02  Drone x3  
  88  13:03  Queen  
  93  13:11  Ravager x3  
  96  13:21  Mutalisk  
  96  13:23  Drone  
  96  13:25  Drone  
  100  13:30  Mutalisk  
  100  13:34  Drone  
  103  13:38  Overlord x3  
  103  13:39  Overlord x2  
  103  13:57  Mutalisk x4  
  103  13:58  Mutalisk  
  97  14:10  Mutalisk x2  
  93  14:29  Mutalisk x3  
  98  14:37  Hydralisk Den  
  97  14:41  Drone x3  
  97  14:42  Drone x2  
  97  14:43  Drone x2  
  104  14:46  Drone  
  104  14:49  Drone  
  104  14:51  Drone  
  107  15:00  Mutalisk  
  107  15:06  Zerg Missile Weapons Level 1  
  109  15:21  Hydralisk  
  109  15:22  Hydralisk x3  
  117  15:28  Hydralisk  
  109  15:47  Hydralisk x2  
  109  15:48  Hydralisk x3  
  109  15:53  Hydralisk  
  109  15:55  Hydralisk  
  113  16:04  Corruptor  
  113  16:06  Corruptor  
  117  16:18  Corruptor x2  
  115  16:22  Drone x2  
  121  16:44  Hydralisk x5  
  126  16:51  Corruptor  
  116  17:07  Roach x4  
  97  17:21  Hydralisk x4  
  105  17:27  Hydralisk x2  
  109  17:46  Drone  
  109  17:47  Drone x3  
Show
View Real Time Build Order
Export as new Build Order

LilDicky Terran 

Build Orders: Liberator Opening 

Get SALT Encoding   

  12  0:02  SCV  
  13  0:14  SCV  
  14  0:18  Supply Depot  
  14  0:26  SCV  
  14  0:27  Refinery  
  15  0:40  SCV  
  16  0:45  Barracks  
  16  0:53  SCV  
  17  1:05  SCV  
  18  1:14  Refinery  
  18  1:17  SCV  
  19  1:32  Orbital Command, Marine  
  20  1:34  Supply Depot  
  20  1:42  Factory  
  20  1:55  Barracks Reactor  
  20  1:59  SCV  
  21  2:08  Supply Depot  
  21  2:11  SCV  
  22  2:25  SCV  
  22  2:29  Armory  
  23  2:30  Starport  
  23  2:31  Marine  
  23  2:34  Marine  
  25  2:37  Factory Tech Lab  
  25  2:53  Marine  
  25  2:55  SCV  
  27  3:08  SCV  
  28  3:13  Marine x2  
  28  3:15  Thor  
  36  3:20  Medivac  
  36  3:22  SCV  
  39  3:30  Supply Depot  
  39  3:38  Liberator  
  39  3:47  Command Center  
  42  3:58  SCV  
  43  4:06  Marine x2  
  45  4:13  Supply Depot  
  45  4:22  Siege Tank  
  48  4:26  SCV, Marine  
  48  4:27  Marine  
  51  4:38  SCV  
  52  4:59  Starport Tech Lab  
  52  5:03  Fusion Core  
  52  5:06  Supply Depot  
  52  5:33  SCV  
  53  5:46  Marine  
  59  5:51  Battlecruiser  
  59  5:53  Hellion  
  59  5:56  Orbital Command  
  54  5:58  SCV  
  54  6:01  Refinery  
  54  6:04  Refinery  
  55  6:06  Marine x2  
  55  6:10  SCV  
  50  6:22  SCV  
  48  6:27  SCV  
  49  6:33  Command Center  
  49  6:34  SCV  
  49  6:39  SCV  
  51  6:44  Thor  
  57  6:52  SCV  
  58  6:55  Medivac  
  58  6:58  SCV  
  58  6:59  Terran Vehicle And Ship Armor Level 1  
  61  7:02  Marine  
  61  7:04  SCV  
  63  7:21  SCV  
  63  7:22  SCV  
  65  7:23  Marine x2  
  65  7:28  Siege Tank  
  70  7:33  SCV  
  61  7:59  Battlecruiser  
  61  8:00  Orbital Command  
  61  8:04  Factory  
  67  8:06  SCV x2  
  67  8:10  Factory  
  69  8:28  SCV x2  
  69  8:29  Siege Tank  
  74  8:47  SCV x2  
  76  9:01  Thor  
  76  9:06  Factory Tech Lab x2  
  60  9:47  Orbital Command  
  30  10:29  SCV x3  
  33  10:41  SCV x2  
  33  10:42  SCV  
  34  10:53  SCV  
  34  10:54  SCV x2  
  37  11:07  Factory Tech Lab  
  37  11:08  Factory Tech Lab  
  37  11:10  Starport  
  31  11:30  Refinery x2  
  31  11:37  SCV x2  
  33  11:43  Barracks  
  33  11:44  SCV, Barracks x3  
  33  11:45  Barracks x2  
  33  11:46  Barracks  
  34  11:48  Starport Tech Lab  
  34  11:49  SCV  
  34  11:50  SCV  
  34  11:51  Thor x2  
  48  11:56  SCV  
  49  12:02  SCV x2  
  48  12:08  SCV  
  36  12:26  Orbital Command  
  36  12:28  Banshee  
  36  12:29  SCV  
  40  12:47  SCV x2  
  42  12:54  SCV  
  42  12:56  Marine  
  42  12:57  Marine x2  
  46  12:59  SCV  
  46  13:05  SCV  
  48  13:06  SCV  
  49  13:14  Marine x2  
  49  13:15  Marine  
  52  13:32  SCV x3  
  55  13:44  SCV x3  
  57  13:55  Refinery  
  57  13:56  SCV x2  
  52  14:16  Thor x2  
  52  14:17  Marine x3  
  49  14:34  Marine  
  49  14:35  Marine x2  
  52  14:40  Battlecruiser  
  52  14:41  SCV x2  
  52  14:42  SCV  
  52  14:45  Engineering Bay  
  61  14:52  Marine  
  61  14:53  SCV x2  
  61  14:56  SCV, Barracks x2  
  61  14:57  Barracks, Marine x2  
  61  14:58  Barracks  
  67  15:00  Thor  
  67  15:01  Thor  
  67  15:05  SCV x2  
  81  15:07  Terran Vehicle And Ship Armor Level 2  
  81  15:09  SCV  
  82  15:15  Missile Turret  
  82  15:23  Missile Turret  
  82  15:30  Missile Turret  
  78  15:46  Marine x3  
  78  15:49  Cloaking Field  
  79  15:51  Thor  
  85  16:21  Supply Depot  
  85  16:23  Supply Depot  
  85  16:27  Supply Depot  
  85  16:29  Missile Turret  
  85  16:43  SCV, Marine x3  
  89  17:00  Marine x2  
  58  17:18  Marine x2  
  66  17:27  SCV  
  66  17:28  SCV  
  68  17:31  Marine  
  68  17:34  Marine  
  68  17:35  Marine  
  71  17:37  Barracks Tech Lab  
  71  17:44  Marine  
Tags
 
Add a new tag
Caveats
  • Supply blocks, unpowered buildings, or Contaminate may cause inaccurate times.
  • Supply counts are checked every 10 seconds.